 Dungeon Crawl Stone Soup version 0.29.0-4-gdea44cf6ec (webtiles) character file.

Game seed: 12765703184109773401

202 qw the Chopper (level 5, -6/30 HPs)
             Began as a Tengu Warper on Aug 28, 2022.
             Mangled by an ogre
             ... wielding a +0 giant club
              (10 damage)
             ... on level 4 of the Dungeon.
             The game lasted 00:00:16 (3261 turns).

qw the Chopper (Tengu Warper)                       Turns: 3261, Time: 00:00:17

Health: -6/30      AC:  8    Str: 13    XL:     5   Next: 80%
Magic:  9/9        EV:  7    Int: 14    God:
Gold:   220        SH:  0    Dex: 13    Spells: 8/8 levels left

rFire   . . .      SeeInvis .   Y - +0 hand axe
rCold   . . .      Faith    .   (no shield)
rNeg    . . .      Spirit   .   a - +0 chain mail
rPois   +          Reflect  .   (helmet restricted)
rElec   .          Harm     .   (no cloak)
rCorr   .          Rampage  .   (no gloves)
Will    .....                   (boots unavailable)
Stlth   ..........              (no amulet)
HPRegen 0.10/turn               d - ring of poison resistance
MPRegen 0.11/turn               (no ring)

@: flying quickly and evasively, quick
A: beak, talons 3, nimble flight
a: no special abilities


You were on level 4 of the Dungeon.
You visited 1 branch of the dungeon, and saw 4 of its levels.

You collected 220 gold pieces.


Innate Abilities, Weirdness & Mutations

You have a beak for a mouth.
You have claws for feet.
Your magical nature lets you fly swiftly and evasively.


   Skills:
 - Level 2.0 Fighting
 + Level 6.1 Axes
 - Level 1.0 Throwing
 - Level 2.1 Armour
 - Level 2.1 Dodging
 - Level 2.0 Spellcasting
 - Level 2.4 Translocations


You had 8 spell levels left.
You didn't know any spells.
Your spell library contained the following spells:

 Spells                   Type           Power      Damage    Failure   Level
 Blink                    Tloc           16%        N/A       99%         2
 Gell's Gravitas          Tloc           8%         N/A       100%        3
 Lesser Beckoning         Tloc           8%         N/A       100%        3
 Teleport Other           Tloc           8%         N/A       100%        3
 Manifold Assault         Tloc           8%         N/A       100%        5

Inventory:

Hand Weapons
 c - a +0 flail
 Y - a +0 hand axe (weapon)
Armour
 a - a +0 chain mail (worn)
Jewellery
 d - a ring of poison resistance (left hand)
Scrolls
 e - a scroll of identify
Potions
 b - a potion of haste
 h - a potion of magic {unknown}
 i - a potion of lignification {unknown}
 k - a potion of curing

Dungeon Overview and Level Annotations

Branches:
Dungeon (4/15)
 Temple: D:4-7

Altars:
Ashenzari
Fedhas
Ru
Wu Jian

Shops:
D:1 [!:*


Message History

You closely miss the adder. You peck the adder.
The adder is moderately wounded.
The adder bites you but does no damage.
You barely miss the adder. Your kick misses the adder.
Your peck misses the adder.
The adder is moderately wounded.
The adder bites you but does no damage.
You hit the adder. Your kick misses the adder. Your peck misses the adder.
The adder is heavily wounded.
The adder closely misses you.
You hit the adder.
You kill the adder!
You start resting.
An ogre comes into view. It is wielding a +0 giant club.
3203 ||| FLEEEEING.
3204 ||| FLEEEEING.
There is a stone staircase leading up here.
3205 ||| STAIRDANCE The ogre shouts!
You hear a shout!
You fly upwards.
There is a stone staircase leading down here.
You start resting.
HP restored.
Done exploring.
(D) Dungeon
Where to? (* - list waypoints, Enter - D:4, ? - help)
What level of the Dungeon? (default 1, ? - help)
You fly downwards.
The ogre barely misses you.
There is a stone staircase leading up here.
An ogre is nearby!
You hit the ogre.
The ogre is lightly wounded.
The ogre hits you with a +0 giant club!!
Ouch! That really hurt!
You barely miss the ogre. You claw the ogre.
The ogre is moderately wounded.
You barely miss the ogre.
The ogre is moderately wounded.
The ogre hits you with a +0 giant club!
You die...

#.#.##
#.....
...#.
#...
#..#####
#......#
#.....#
##....#
#.@O.#
######


You could see an ogre.

Vanquished Creatures
  A scorpion (D:3)
  A hound (D:4)
  3 gnolls (D:3)
  3 adders
  3 worms (D:2)
  A dart slug (D:1)
  4 ball pythons
  A bat (D:3)
  5 endoplasms
  2 giant cockroaches (D:1)
  4 goblins
  5 hobgoblins
  4 quokkas
  5 frilled lizards
  4 kobolds
  3 rats
49 creatures vanquished.

Notes
Turn   | Place    | Note
-------+----------+-------------------------------------------
     0 | D:1      | qw the Tengu Warper began the quest for the Orb.
     0 | D:1      | Reached XP level 1. HP: 12/12 MP: 4/4
     0 | D:1      | 0 ||| qw: Version: 0.1-a-89-g26bdef1
     0 | D:1      | 0 ||| qw: Game counter: 3076
     0 | D:1      | 0 ||| qw: Always use a shield: true
     0 | D:1      | 0 ||| qw: God list: Okawaru
     0 | D:1      | 0 ||| qw: Allow faded altars: false
     0 | D:1      | 0 ||| qw: Do Orc after D:15 true
     0 | D:1      | 0 ||| qw: Do second Lair branch before Depths: true
     0 | D:1      | 0 ||| qw: Lair rune preference: random
     0 | D:1      | 0 ||| qw: Plans: Normal
     0 | D:1      | 0 ||| PLANNING D:1-11
    49 | D:1      | Found Yjeroacw's Armour Shoppe.
    58 | D:1      | 58 ||| SHOPLISTING +0 ring mail (40 gold, have 4).
    58 | D:1      | 58 ||| SHOPLISTING +0 scale mail (40 gold, have 4).
    58 | D:1      | 58 ||| SHOPLISTING +2 chain mail of cold resistance (215
                  | gold, have 4).
   239 | D:1      | Reached skill level 3 in Axes
   239 | D:1      | Reached XP level 2. HP: 17/17 MP: 6/6
   246 | D:1      | 246 ||| Stepping ~*~*~tactically~*~*~ (hiding).
   399 | D:1      | Found Ajilet's General Store.
   407 | D:1      | 407 ||| SHOPLISTING +1 crystal plate armour of the Lost
                  | Path {Regen+} (1196 gold, have 15).
   407 | D:1      | 407 ||| SHOPLISTING ring "Dimeorof" {Wiz Str+4} (590 gold,
                  | have 15).
   407 | D:1      | 407 ||| SHOPLISTING scroll of enchant weapon (97 gold, have
                  | 15).
   407 | D:1      | 407 ||| SHOPLISTING scroll of identify (26 gold, have 15).
   407 | D:1      | 407 ||| SHOPLISTING scroll of teleportation (39 gold, have
                  | 15).
   467 | D:1      | 467 ||| Stepping ~*~*~tactically~*~*~ (stealth).
   578 | D:1      | Found Qeneck's Distillery.
   586 | D:1      | 586 ||| SHOPLISTING potion of curing (33 gold, have 26).
   661 | D:1      | Found Opousayff's Book Shop.
   842 | D:1      | Reached XP level 3. HP: 21/21 MP: 7/7
   932 | D:1      | 932 ||| UPGRADING to ring of poison resistance.
   933 | D:1      | 933 ||| DROPPING ring of flight.
   934 | D:1      | 934 ||| READING scroll labelled VOITAG BIOWK.
   935 | D:1      | 935 ||| READING scroll labelled ANWUKO WIGI.
   936 | D:1      | 936 ||| READING scroll labelled ASEXURCHYSCHU.
   937 | D:1      | 937 ||| READING scroll labelled HAEFIF BUNEA.
   938 | D:1      | 938 ||| DRINKING 2 fizzy white potions.
   939 | D:1      | 939 ||| DROPPING scroll of blinking.
   988 | D:2      | 988 ||| Stepping ~*~*~tactically~*~*~ (stealth).
   997 | D:2      | Reached skill level 4 in Axes
  1047 | D:2      | You fall into a shaft and drop 2 floors!
  1048 | D:4      | 1048 ||| READING scroll labelled OXTUDA PEMIRI.
  1056 | D:3      | Found a sacrificial altar of Ru.
  1059 | D:3      | Found an ornate altar of the Wu Jian Council.
  1078 | D:3      | Found a broken altar of Ashenzari.
  1373 | D:3      | Noticed an eye of devastation
  1375 | D:3      | Found a faded altar of an unknown god.
  1383 | D:3      | Noticed an eye of devastation
  1384 | D:3      | 1384 ||| UPGRADING to +0 chain mail.
  1394 | D:3      | 1394 ||| DROPPING +0 leather armour.
  1399 | D:3      | Noticed a shining eye
  1679 | D:2      | 1679 ||| DROPPING +0 club.
  1699 | D:2      | 1699 ||| DROPPING +0 whip.
  1765 | D:2      | Reached XP level 4. HP: 26/26 MP: 8/8
  1970 | D:2      | 1970 ||| Stepping ~*~*~tactically~*~*~ (hiding).
  2308 | D:2      | 2308 ||| READING scroll labelled YGEMNU SAOTHRE.
  2311 | D:2      | 2311 ||| DRINKING 2 inky potions.
  2312 | D:2      | 2312 ||| DROPPING potion of flight.
  2351 | D:3      | Noticed a floating eye
  2370 | D:3      | Noticed a scorpion
  2382 | D:3      | Killed a scorpion
  2383 | D:3      | Reached skill level 5 in Axes
  2383 | D:3      | Gained mutation: Your magical nature lets you fly swiftly
                  | and evasively. [Tengu growth]
  2383 | D:3      | Reached XP level 5. HP: 13/30 MP: 9/9
  2546 | D:3      | Found a blossoming altar of Fedhas.
  2695 | D:3      | Reached skill level 6 in Axes
  3157 | D:3      | 3157 ||| READING 2 scrolls of identify.
  3157 | D:3      | 3157 ||| IDENTIFYING bubbling ruby potion
  3202 | D:4      | Noticed an ogre
  3203 | D:4      | 3203 ||| FLEEEEING.
  3204 | D:4      | 3204 ||| FLEEEEING.
  3205 | D:4      | 3205 ||| STAIRDANCE
  3259 | D:4      | HP: 4/30 [ogre/+0 giant club (26)]
  3261 | D:4      | Mangled by an ogre

Levels and vault maps discovered:
D:1:      amcnicky_arrival_gap_in_the_tavern_cellar, layout_loops_cross,
          serial_shops, shop, nicolae_shop_temple_entry_statues_fountains, shop,
          shop_coins, hex_medium, minmay_quantized
D:2:      layout_basic
D:3:      layout_basic, cheibrodos_ashenzari_chains,
          mainiacjoe_overflow_boulevard, mainiacjoe_overflow_catwalk_spiral,
          hellmonk_ecumenical_altar_watching_god, glass_columns_a,
          dk_noncrumbling_2, chequers_serial_rivers_large_b,
          grunt_decor_arrowhead, kennysheep_small_spiral
D:4:      layout_rooms, overflow_temple_1_default, overflow_temple_1_default

Skill      XL: |  1  2  3  4  5 |
---------------+----------------+-----
Axes           | 3 4 5 6 |  6.1
Armour         | 2 |  2.1
Fighting       | |  2.0
Throwing       | |  1.0
Dodging        | |  2.1
Spellcasting   | |  2.0
Translocations | |  2.4

Action                   |  1- 3 |  4- 6 || total
-------------------------+-------+-------++-------
Melee: Hand axe          |    86 |    44 ||   130
       Kick              |    26 |     9 ||    35
       Peck              |     9 |     5 ||    14
       Punch             |     2 |       ||     2
Throw: Boomerang         |     7 |       ||     7
  Use: Scroll            |     5 |     2 ||     7
       Potion            |     1 |     1 ||     2
Armor: Leather armour    |     9 |       ||     9
       Chain mail        |     8 |    22 ||    30
Dodge: Dodged            |    23 |    16 ||    39

Table legend:
 A = Non-vault XP
 B = Vault XP
 C = Vault XP percentage of total XP
 D = Non-vault monster count
 E = Vault monster count
 F = Vault count percentage of total count
                 A         B        C        D         E       F
            +---------+---------+-------+---------+---------+-------
      Total |     283 |       6 |   2.1 |      46 |       3 |   6.1
            +---------+---------+-------+---------+---------+-------
        D:1 |      31 |       6 |  16.2 |      18 |       3 |  14.3
        D:2 |      53 |       0 |   0.0 |      14 |       0 |   0.0
        D:3 |     143 |       0 |   0.0 |      12 |       0 |   0.0
        D:4 |      56 |       0 |   0.0 |       2 |       0 |   0.0
            +---------+---------+-------+---------+---------+-------
